 Dungeon Crawl Stone Soup version 0.26-a0-651-gb41185065b (webtiles) character file.

Game seed: 3881917424848302354

808 Flugslaktarn the Chopper (level 7, -1/67 HPs)
             Began as a Deep Dwarf Fighter on Oct 12, 2020.
             Slain by a two-headed ogre
             ... wielding a cursed -2 giant spiked club
              (12 damage)
             ... on level 5 of the Dungeon.
             The game lasted 00:01:24 (1634 turns).

Flugslaktarn the Chopper (Deep Dwarf Fighter)       Turns: 1634, Time: 00:01:25

Health: -1/67      AC: 14    Str: 20    XL:     7   Next: 60%
Magic:  7/7        EV:  5    Int:  8    God:
Gold:   55         SH: 10    Dex: 14    Spells: 6/6 levels left

rFire    . . .     SeeInvis .   a - +0 war axe
rCold    . . .     Faith    .   c - +0 kite shield
rNeg     . . .     Spirit   .   n - +0 plate armour
rPois    .         Reflect  .   s - +2 hat
rElec    .         Harm     .   (no cloak)
rCorr    .         Rampage  .   (no gloves)
MR       +....                  (no boots)
Stlth    ..........             (no amulet)
HPRegen  0.00/turn              (no ring)
MPRegen  0.10/turn              (no ring)

@: non-regenerating
A: damage resistance, heal wounds, sense surroundings 1, no regeneration
a: Heal Wounds


You were on level 5 of the Dungeon.
You visited 2 branches of the dungeon, and saw 6 of its levels.

You collected 55 gold pieces.

Inventory:

Hand Weapons
 a - a +0 war axe (weapon)
Armour
 b - a +0 scale mail
 c - a +0 kite shield (worn)
 h - a +0 helmet
   (You took it off Robin on level 1 of the Dungeon)
 n - a +0 plate armour (worn)
   (You found it on level 4 of the Dungeon)
 s - a +2 hat (worn)
   (You found it on level 4 of the Dungeon)
Jewellery
 j - a +4 ring of protection {unknown}
   (You found it on level 3 of the Dungeon)
 m - an uncursed ring of protection from cold {unknown}
   (You found it on level 4 of the Dungeon)
Wands
 i - a wand of enslavement (11)
   (You found it on level 3 of the Dungeon)
 l - a wand of iceblast (6)
   (You took it off Ijyb on level 4 of the Dungeon)
Scrolls
 f - a scroll of enchant weapon {unknown}
 o - a scroll of amnesia {unknown}
Potions
 d - a potion of might
 e - 2 potions of flight {unknown}
 g - a potion of brilliance {unknown}
 k - 2 potions of curing {unknown}
 p - a potion of heal wounds {unknown}
 q - a potion of mutation {unknown}
 r - a potion of haste {unknown}


   Skills:
 * Level 5.2 Fighting
 * Level 5.8 Axes
 + Level 5.0 Armour
 + Level 2.2 Dodging
 - Level 4.2 Shields


You had 6 spell levels left.
You didn't know any spells.
Your spell library was empty.

Dungeon Overview and Level Annotations

Branches:
Dungeon (5/15)             Temple (1/1) D:4

Altars:
Ashenzari
Cheibriados
Dithmenos
Hepliaklqana
Kikubaaqudgha
Nemelex Xobeh
Okawaru
Ru
Trog
Uskayaw
Vehumet
Wu Jian
Yredelemnul
The Shining One

Annotations:
D:4 1 exclusion


Innate Abilities, Weirdness & Mutations

You are resistant to damage.
You can heal yourself by infusing magical energy.
You passively map a small area around you.
You do not regenerate.


Message History

No target in view!
No target in view!
No target in view!
No target in view!
No target in view!
No target in view!
No target in view!
No target in view!
You climb downwards.
The centaur unwields a +0 shortbow.
The centaur hits you!
A shadow imp comes into view.
You block the two-headed ogre's attack.
The two-headed ogre hits you with a +0 giant spiked club!
The centaur hits you.
There is a stone staircase leading up, spattered with blood here.
You see here 2 arrows.
The centaur hits you but does no damage.
The two-headed ogre hits you with a cursed -2 giant spiked club!
* * * LOW HITPOINT WARNING * * *
The two-headed ogre hits you with a +0 giant spiked club!
You die...

, , 5..
........... , ...
,.......... ,
....,........##.
,, , , .....
......... ,
.....##......##.
.....=.......... ,
........c....... *
.5....O@((......
................
,...#............,
...........#....
** #......#### ...
#......# , ,.. , ,
, #......# , . *,,
.......# , , , ,


You could see a two-headed ogre, a centaur, a white imp and a shadow imp.

Vanquished Creatures
  Sigmund (D:2)
  Edmund (D:4)
  Menkaure (D:4)
  Duvessa (D:4)
  Dowan (D:4)
  2 howler monkeys (D:4)
  A centaur skeleton (D:4)
  2 iguanas (D:4)
  Ijyb (D:4)
  An orc wizard (D:3)
  A worker ant (D:4)
  Robin (D:1)
  An adder (D:4)
  An ooze (D:1)
  2 leopard geckos
  5 orcs
  2 bats
  A giant cockroach (D:1)
  9 goblins
  6 hobgoblins
  7 jackals (D:4)
  2 ball pythons
  2 frilled lizards
  2 kobolds
  4 rats
58 creatures vanquished.

Notes
Turn   | Place    | Note
-------+----------+-------------------------------------------
     0 | D:1      | Flugslaktarn the Deep Dwarf Fighter began the quest for the
                  | Orb.
     0 | D:1      | Reached XP level 1. HP: 20/20 MP: 1/1
     0 | D:1      | Noticed a tentacled monstrosity
     0 | D:1      | Noticed a shadow dragon
     0 | D:1      | Noticed a shadow dragon
     2 | D:1      | Noticed a tentacled monstrosity
     2 | D:1      | Noticed a shadow dragon
     5 | D:1      | Noticed an orb of fire
     8 | D:1      | Noticed a tentacled monstrosity
     9 | D:1      | Noticed a shadow dragon
    11 | D:1      | Noticed a tentacled monstrosity
    13 | D:1      | Noticed a large abomination
    13 | D:1      | Noticed a tentacled monstrosity
    15 | D:1      | Noticed an ice dragon
    17 | D:1      | Noticed a tentacled monstrosity
    17 | D:1      | Noticed a shadow dragon
    19 | D:1      | Noticed a tentacled monstrosity
   198 | D:1      | Reached XP level 2. HP: 21/27 MP: 2/2
   220 | D:2      | Noticed Robin
   220 | D:2      | Noticed Sigmund
   241 | D:1      | Reached XP level 3. HP: 33/34 MP: 3/3
   266 | D:1      | Killed Robin
   285 | D:2      | Killed Sigmund
   285 | D:2      | Reached XP level 4. HP: 35/44 MP: 4/4
   285 | D:2      | Reached XP level 5. HP: 40/50 MP: 5/5
   538 | D:3      | Found a hazy altar of Hepliaklqana.
   538 | D:3      | Found a hide-covered altar of Uskayaw.
   615 | D:4      | Noticed Ijyb
   652 | D:4      | Killed Ijyb
   652 | D:4      | Reached XP level 6. HP: 51/57 MP: 6/6
   688 | D:4      | Found a sparkling altar of Nemelex Xobeh.
  1006 | D:4      | Found a staircase to the Ecumenical Temple.
  1027 | D:4      | Noticed Menkaure
  1040 | D:4      | Killed Menkaure
  1040 | D:4      | Reached skill level 5 in Axes
  1040 | D:4      | Reached skill level 1 in Dodging
  1040 | D:4      | Reached XP level 7. HP: 29/66 MP: 7/7
  1061 | Temple   | Entered the Ecumenical Temple
  1311 | D:4      | Noticed Edmund
  1354 | D:4      | Killed Edmund
  1374 | D:4      | Reached skill level 5 in Fighting
  1405 | D:4      | Noticed Duvessa
  1407 | D:4      | Noticed Dowan
  1417 | D:4      | Killed Duvessa
  1423 | D:4      | Killed Dowan
  1423 | D:4      | Reached skill level 5 in Armour
  1471 | D:4      | Found a sacrificial altar of Ru.
  1476 | D:4      | Found an ornate altar of the Wu Jian Council.
  1617 | D:5      | Entered Level 5 of the Dungeon
  1622 | D:5      | Noticed a two-headed ogre
  1634 | D:5      | Slain by a two-headed ogre

Illustrated notes

Levels and vault maps discovered:
D:1:      shiori_arrival_whats_in_store_for_you, layout_loops_ring,
          minmay_misc_feat_enclosed
D:2:      layout_rooms, grunt_qazlal_sundering, uniq_robin, uniq_sigmund
D:3:      layout_basic, gammafunk_temple_overflow_wave, serial_bayou_pond_d,
          kennysheep_jessica_study
D:4:      layout_loops_ring, nemelex_xobeh_ov_fountains_minmay,
          amethyst_overflow_temple_binary, minmay_temple_entry_drinking_statues,
          tgw_sif, uniq_duvessa, uniq_edmund, uniq_ijyb, uniq_menkaure
D:5:      layout_basic, makhleb_grotto_becter
Temple:   kb_temple_of_zot

Skill      XL: |  1  2  3  4  5  6  7 |
---------------+----------------------+-----
Fighting       | 3 4 5 |  5.2
Axes           | 4 5 |  5.8
Armour         | 4 5 |  5.0
Shields        | 4 |  4.2
Dodging        | 1 2 |  2.2

Action                   |  1- 3 |  4- 6 |  7- 9 || total
-------------------------+-------+-------+-------++-------
Melee: War axe           |    46 |    95 |    84 ||   225
 Abil: Heal Wounds       |     2 |     2 |     2 ||     6
Armor: Scale mail        |    26 |    35 |       ||    61
       Plate armour      |       |    15 |    53 ||    68
Dodge: Dodged            |    21 |    36 |    13 ||    70
Block: Kite shield       |    37 |    59 |    44 ||   140

Table legend: (Time is in decaauts)
 A = Elapsed time spent in this place.
 B = Non-inter-level travel time spent in this place.
 C = Inter-level travel time spent in this place.
 D = Time resting spent in this place.
 E = Time spent auto-exploring this place.
 F = Levels seen in this place.
 G = Mean time per level.
                   A        B        C        D        E       F      G
               +--------+--------+--------+--------+--------+-----+--------+
         Total |   1717 |   1490 |    227 |      0 |    945 |   6 |  286.2 |
       Dungeon |   1611 |   1400 |    211 |      0 |    856 |   5 |  322.2 |
        Temple |    105 |     90 |     15 |      0 |     89 |   1 |  105.0 |
               +--------+--------+--------+--------+--------+-----+--------+

Top non-repeatable levels by time:
     D:4: 952 daAuts
     D:3: 307 daAuts
     D:1: 275 daAuts
  Temple: 105 daAuts
     D:2: 65 daAuts
     D:5: 11 daAuts
